 Dungeon Crawl Stone Soup version 0.30-a0-862-g1aabd4f9c5 (webtiles) character file.

Game seed: 5960207757117094149

1509195 freelancePsychic the Demonologist (level 27, 184/184 HPs)
             Began as a Tengu Wanderer on Mar 6, 2023.
             Was the Champion of Kikubaaqudgha.
             Escaped with the Orb
             ... and 3 runes on Mar 8, 2023!
             The game lasted 02:57:47 (85064 turns).

freelancePsychic the Demonologist (Tengu Wanderer) Turns: 85064, Time: 02:57:47

Health: 184/184    AC: 17    Str: 22    XL:     27
Magic:  40/40      EV: 36    Int: 34    God:    Kikubaaqudgha [******]
Gold:   3770       SH: 20    Dex: 26    Spells: 9/50 levels left

rFire   + + .      SeeInvis +    Q - +7 falchion of Amorality {freeze, Fragile rPois Int+5 Dex+3}
rCold   . . .      Faith    .    a - +5 kite shield {rF+}
rNeg    + . .      Spirit   .    o - quicksilver dragon scales of Hidifacw {rN+ Will+ Str+4 Dex+6 Slay-4}
rPois   +          Reflect  .    E - +2 hat {Stlth+}
rElec   +          Rampage  .    Y - +1 cloak "Ziseoc Xixu" {rF+ Int+2}
rCorr   .                        V - +2 pair of gloves {Stlth+}
Will    +++..                    (boots unavailable)
Stlth   ++                       W - amulet of regeneration
HPRegen 1.30/turn                p - ring of wizardry
MPRegen 0.27/turn                q - ring "Kunkuw" {Fly rElec Str+3 Int+6 SInv}

@: flying quickly and evasively, studying 2 skills, quick
A: beak, talons 3, nimble flight, deformed body
0: Orb of Zot
}: 3/15 runes: decaying, serpentine, slimy
a: Renounce Religion, Unearth Wretches, Torment


You escaped.
You worshipped Kikubaaqudgha.
Kikubaaqudgha was exalted by your worship.
You visited 12 branches of the dungeon, and saw 55 of its levels.
You visited 1 bazaar.
You also visited: Gauntlet and Ice Cave.

You collected 7837 gold pieces.
You spent 4067 gold pieces at shops.

Inventory:

Hand Weapons
 b - a +9 dagger of pain
 Q - the +7 falchion of Amorality (weapon) {freeze, Fragile rPois Int+5 Dex+3}
   (You found it on level 2 of the Dungeon)

   Int:       It affects your intelligence (+5).
   Dex:       It affects your dexterity (+3).
   rPois:     It protects you from poison.
   Fragile:   It will be destroyed if unequipped.
Missiles
 c - 32 boomerangs
 g - 3 throwing nets
 L - 18 curare-tipped darts
Armour
 a - a +5 kite shield of fire resistance (worn)
 o - the quicksilver dragon scales of Hidifacw (worn) {rN+ Will+ Str+4 Dex+6 Slay-4}
   (You found it on level 3 of the Elven Halls)

   Str:       It affects your strength (+4).
   Dex:       It affects your dexterity (+6).
   Slay:      It affects your accuracy & damage with ranged weapons and melee
   (-4).
   rN:        It protects you from negative energy.
   Will:      It increases your willpower.
 E - a +2 hat of stealth (worn)
 V - a +2 pair of gloves of stealth (worn)
 Y - the +1 cloak "Ziseoc Xixu" (worn) {rF+ Int+2}
   (You found it on level 1 of the Snake Pit)

   Int:       It affects your intelligence (+2).
   rF:        It protects you from fire.
Jewellery
 i - a ring of ice
 p - a ring of wizardry (left hand)
 q - the ring "Kunkuw" (right hand) {Fly rElec Str+3 Int+6 SInv}
   (You found it on level 2 of the Lair of Beasts)

   [ring of intelligence]

   Str:       It affects your strength (+3).
   Int:       It affects your intelligence (+6).
   rElec:     It insulates you from electricity.
   SInv:      It lets you see invisible.
   Fly:       It grants you flight.
 r - a +4 ring of protection
 W - an amulet of regeneration (around neck)
Wands
 f - a wand of digging (10)
 z - a wand of acid (28)
 D - a wand of roots (37)
 F - a wand of flame (84)
 H - a wand of mindburst (102)
 K - a wand of paralysis (63)
 N - a wand of polymorph (17)
Scrolls
 h - 7 scrolls of enchant armour
 l - 8 scrolls of immolation
 s - 5 scrolls of blinking
 t - 6 scrolls of silence
 u - 5 scrolls of fear
 w - 26 scrolls of identify {@r1}
 x - 9 scrolls of noise
 y - 5 scrolls of summoning
 A - a scroll of enchant weapon
 B - 10 scrolls of teleportation {@r4}
 G - 2 scrolls of poison
 J - 4 scrolls of brand weapon
 M - 7 scrolls of amnesia
 T - 5 scrolls of magic mapping
 Z - 8 scrolls of fog
Potions
 e - 7 potions of might
 j - 2 potions of berserk rage
 k - 3 potions of haste {@q3}
 n - 9 potions of attraction
 v - 3 potions of brilliance
 C - 14 potions of curing {@q1}
 I - 7 potions of ambrosia
 O - 7 potions of mutation
 P - 8 potions of lignification
 R - 2 potions of resistance
 U - 3 potions of cancellation
 X - 2 potions of invisibility
Miscellaneous
 d - a phial of floods


   Skills:
 + Level 22.0 Fighting
 - Level 10.0 Short Blades
 - Level 1.1 Maces & Flails
 - Level 1.0 Throwing
 - Level 12.1 Armour
 + Level 22.4 Dodging
 - Level 4.8 Stealth
 - Level 12.7 Shields
 - Level 12.0 Spellcasting
 - Level 26.0 Summonings
 - Level 21.4 Necromancy
 - Level 9.1 Translocations
 - Level 9.2 Ice Magic
 - Level 5.0 Earth Magic


You had 9 spell levels left.
You knew the following spells:

 Your Spells              Type           Power      Damage    Failure   Level
a - Dispel Undead         Necr           100%       3d31      0%          4
b - Sublimation of Blood  Necr           100%       N/A       0%          2
c - Death Channel         Necr           52%        N/A       1%          6
d - Infestation           Necr           52%        N/A       2%          8
e - Borgnjor's Vile Clut  Necr/Erth      42%        N/A       1%          5
h - Haunt                 Necr/Summ      55%        N/A       1%          7
i - Dragon's Call         Summ           57%        N/A       6%          9

Your spell library contained the following spells:

 Spells                   Type           Power      Damage    Failure   Level
 Necrotise                Necr           100%       1d9       0%          1
 Call Canine Familiar     Summ           100%       N/A       0%          3
 Vampiric Draining        Necr           100%       2d13      0%          3
 Animate Dead             Necr           100%       N/A       0%          4
 Summon Cactus Giant      Summ           57%        N/A       0%          6
 Freeze                   Ice            100%       1d10      1%          1
 Kiss of Death            Conj/Necr      100%       2d13      1%          1
 Sandblast                Erth           100%       2d20      1%          1
 Blink                    Tloc           100%       N/A       1%          2
 Cigotuvi's Dreadful Rot  Necr/Pois/Air  100%       N/A       1%          2
 Lesser Beckoning         Tloc           100%       N/A       1%          2
 Momentum Strike          Conj/Tloc      100%       3d10      1%          2
 Passwall                 Tmut/Erth      30%        N/A       1%          2
 Frozen Ramparts          Ice            100%       1d16      1%          3
 Hailstorm                Conj/Ice       51%        3d11      1%          3
 Ozocubu's Armour         Ice            70%        N/A       1%          3
 Portal Projectile        Hex/Tloc       100%       N/A       1%          3
 Summon Guardian Golem    Hex/Summ       83%        N/A       1%          3
 Vhi's Electric Charge    Tloc/Air       100%       N/A       1%          3
 Animate Armour           Summ/Erth      100%       N/A       1%          4
 Passage of Golubria      Tloc           70%        N/A       1%          4
 Summon Ice Beast         Ice/Summ       96%        N/A       1%          4
 Summon Lightning Spire   Summ/Air       83%        N/A       1%          4
 Agony                    Necr           100%       N/A       1%          5
 Summon Forest            Summ/Tloc      48%        N/A       1%          5
 Summon Mana Viper        Hex/Summ       83%        N/A       1%          5
 Simulacrum               Ice/Necr       45%        N/A       1%          6
 Malign Gateway           Summ/Tloc      48%        N/A       1%          7
 Summon Hydra             Summ           57%        N/A       1%          7
 Summon Horrible Things   Summ           57%        N/A       1%          8
 Slow                     Hex            80%        N/A       2%          1
 Stone Arrow              Conj/Erth      74%        3d11      2%          3
 Borgnjor's Revivificati  Necr           52%        N/A       2%          8
 Poisonous Vapours        Pois/Air       40%        N/A       3%          2
 Scorch                   Fire           40%        2d7       3%          2
 Ice Form                 Ice/Tmut       51%        N/A       3%          4
 Confusing Touch          Hex            20%        N/A       8%          3
 Mephitic Cloud           Conj/Pois/Air  20%        N/A       8%          3
 Tukima's Dance           Hex            20%        N/A       8%          3
 Leda's Liquefaction      Hex/Erth       18%        N/A       9%          4
 Petrify                  Tmut/Erth      37%        N/A       9%          4
 Spellforged Servitor     Conj/Summ      41%        N/A       10%         7
 Metabolic Englaciation   Hex/Ice        25%        N/A       11%         5
 Freezing Cloud           Conj/Ice/Air   20%        6-21      19%         5
 Cause Fear               Hex            10%        N/A       24%         4
 Flame Wave               Conj/Fire      20%        2d7       24%         4
 Death's Door             Necr           52%        N/A       34%         9
 Ozocubu's Refrigeration  Ice            35%        4d15      41%         7
 Arcjolt                  Conj/Air       10%        1d20      52%         5
 Blade Hands              Tmut           10%        N/A       52%         5
 Iskenderun's Battlesphe  Conj           20%        2d7       52%         5
 Yara's Violent Unravell  Hex/Tmut       10%        3d6       52%         5
 Iron Shot                Conj/Erth      18%        9d4       75%         6
 Statue Form              Tmut/Erth      24%        N/A       75%         6
 Necromutation            Tmut/Necr      37%        N/A       86%         8
 Eringya's Noxious Bog    Tmut/Pois      10%        N/A       97%         6
 Dragon Form              Tmut           10%        N/A       100%        7
 Orb of Destruction       Conj           10%        9d6       100%        7
 Storm Form               Tmut/Air       10%        N/A       100%        7
 Lehudib's Crystal Spear  Conj/Erth      18%        10d6      100%        8
 Maxwell's Capacitive Co  Air            10%        ∞         100%        8
 Chain Lightning          Conj/Air       10%        3d13      100%        9
 Polar Vortex             Ice            35%        N/A       100%        9


Dungeon Overview and Level Annotations

Branches:
Dungeon (15/15)            Temple (1/1) D:7            Lair (5/5) D:11
  Swamp (4/4) Lair:2        Snake (4/4) Lair:3        Slime (5/5) Lair:4
    Orc (2/2) D:10            Elf (3/3) Orc:2        Vaults (4/5) D:14
  Crypt (3/3) Vaults:2       Tomb (0/3) Crypt:3      Depths (4/4) D:15
    Zot (5/5) Depths:4      IceCv (visited)         Gauntlet (visited)

Altars:
Ashenzari
Cheibriados
Dithmenos
Elyvilon
Fedhas
Gozag
Hepliaklqana
Kikubaaqudgha
Makhleb
Nemelex Xobeh
Okawaru
Qazlal
Ru
Sif Muna
Trog
Uskayaw
Vehumet
Wu Jian
Xom
Yredelemnul
Zin
The Shining One
Jiyva

Shops:
D:5 :   D:7 *   D:8 (   Orc:2 ?**:**   Elf:2 :   Elf:3 !!?   Snake:3 (
Vaults:4 :   Depths:2 *::=   Depths:3 **?

Portals:
Hell: Depths:1 Depths:2 Depths:3 Depths:4
Abyss: Swamp:3 Depths:3
Pandemonium: Depths:2
Ziggurat: Depths:4

Annotations:
D:10 3 runed translucent doors
Swamp:1 2 transporters, Brisketman's ghost, journeyman FeCj
Swamp:2 3 runed translucent doors, Ceno's ghost, adept GnHW
Swamp:3 2 transporters, Fiugearo's ghost, adept MiFi
Elf:2 3 runed translucent doors
Vaults:4 3 runed translucent doors
Zot:2 2 transporters


Innate Abilities, Weirdness & Mutations

You have a beak for a mouth.
You have claws for feet.
Your magical nature lets you fly swiftly and evasively.
Armour fits poorly on your strangely shaped body.


Message History

The hell beast tramples your freezing wraith but does no damage.
Your phantasmal warrior hits the hell beast!!
Your wraith hits the hell beast!
Your wraith drains the hell beast's vigour!
The hell beast seems to slow down.
Your wraith hits the hell beast!
The hell beast dies!
Kikubaaqudgha accepts your kill.
(D) Dungeon (T) Temple (L) Lair (S) Swamp (P) Snake Pit (M) Slime Pits (O) Orcish Mines (E) Elven Halls (V) Vaults (C) Crypt (W) Tomb (U) Depths (H) Hell (Z) Zot
Where to? (Enter - D:1 @ (x,y), ? - help)
Your freezing wraith disappears in a puff of smoke!
A Yttem, an ancient lich, a sixfirhy and a ynoxinul come into view.
There is a stone staircase leading up here.
The ynoxinul gestures.
The ancient lich mumbles some strange words.
The ancient lich seems to speed up.
You fly upwards.
There is a stone staircase leading down here.
(D) Dungeon (T) Temple (L) Lair (S) Swamp (P) Snake Pit (M) Slime Pits (O) Orcish Mines (E) Elven Halls (V) Vaults (C) Crypt (W) Tomb (U) Depths (H) Hell (Z) Zot
Where to? (Enter - D:1 @ (x,y), ? - help)
There is an open door here.
There is a stone staircase leading up here.
You fly upwards.
There is a stone staircase leading down here.
Magic restored.
There is a stone staircase leading up here.
You fly upwards.
There is a stone staircase leading down here.
There is a stone staircase leading up here.
You fly upwards.
There is a stone staircase leading down here.
There is a stone staircase leading up here.
You fly upwards.
There is a stone staircase leading down here.
There is a stone staircase leading up here.
You fly upwards.
There is a stone staircase leading down here.
You see here 7 stones.
There is an open door here.
There is a staircase leading out of the dungeon here.
You have escaped!

.## #....#...##..##.........
.####
#....#..##...#####..#.##
...>#### #....#..#....#
#†..... ###....#
##...#..#.8..# #.##... #
####.## ##..#..#....# #.#...#
###
#.(####..#..##...#####.#.###
..#
##.......#...##..........#
#.# #...##..#....#..#####.###
#.# #.#.##..'.@..'..# #.# #.#
#.#.##..#....#..# #.# # #.#
##.#.#####...##..#####.# ##
#.# ##..#..####..##...÷.....#
##. #.#
#..###...##..#...).....####..
#.###.##
###.##..#.8........#....
#..##.#
#.##..#..........#...#
##.#..#
#.##..##........[.>.## #...##
#.##...##..÷÷....##.#


There were no monsters in sight!

Vanquished Creatures
  3 dread liches
  4 ancient liches
  A Killer Klown (Zot:5)
  Boris (twice) (Crypt:3 Depths:4)
  A caustic shrike (Depths:4)
  Nikola (Swamp:2)
  A bone dragon (Crypt:3)
  2 hellephants (Depths:2)
  A tentacled monstrosity (Vaults:4)
  Jorgrun (D:15)
  3 Orb Guardians
  4 liches
  A deep elf master archer (Elf:3)
  A deep elf blademaster (Elf:3)
  An Executioner (Depths:1)
  An acid blob (Slime:5)
  2 sphinxes
  10 ancient champions
  A tengu reaver (Vaults:2)
  Agnes (D:14)
  2 shadow dragons
  A nagaraja (Snake:4)
  Kirke (Swamp:2)
  A revenant (Crypt:3)
  4 fire giants
  A frost giant (Depths:2)
  2 deep elf sorcerers (Elf:3)
  A draconian shifter (Depths:4)
  A draconian knight (Zot:3)
  4 ghouls
  4 vault wardens
  A caustic shrike zombie (Crypt:1)
  A deep elf elementalist (Elf:3)
  A juggernaut zombie (Crypt:1)
  Aizul (Snake:3)
  A cacodemon (Vaults:4)
  6 curse skulls
  2 war gargoyles
  9 ironbound preservers
  4 very ugly things
  A green draconian (Zot:4)
  7 vampire knights
  6 stone giants
  4 ironbound thunderhulks
  A black draconian (Zot:1)
  A bunyip (Swamp:1)
  A juggernaut skeleton (Crypt:3)
  2 deep elf demonologists
  2 dire elephants (Vaults:1)
  Nessos (D:15)
  6 deep elf annihilators (Elf:3)
  A minotaur (Gauntlet)
  A purple draconian (Depths:4)
  A spark wasp (Depths:2)
  2 eidola (Crypt:1)
  A deep elf death mage (Elf:3)
  3 ettins
  8 jiangshi
  3 entropy weavers
  2 fire dragons
  6 yaktaur captains
  3 deep elf high priests (Elf:3)
  3 great orbs of eyes
  4 rakshasas
  4 ice dragons
  A salamander tyrant (Snake:4)
  3 vault guards (Vaults:3)
  A catoblepas (Lair:1)
  3 caustic shrike simulacra
  6 spriggan air magi
  A peacekeeper (Vaults:4)
  4 ghost crabs
  A hell beast (Gauntlet)
  4 hydras
  4 ironbound frosthearts
  6 anacondas
  2 ogre magi (D:15)
  11 two-headed ogres
  5 centaur warriors
  12 dancing weapons
  A spriggan skeleton (Crypt:1)
  6 boulder beetles
  2 deep troll earth magi
  4 tengu warriors (Depths:3)
  3 death knights
  2 hell hogs (Depths:2)
  6 alligators
  A deep troll shaman (Depths:1)
  5 orc high priests (Orc:2)
  A bennu skeleton (Crypt:2)
  A naga warrior (Snake:1)
  5 shock serpents
  9 naga sharpshooters
  14 vampire magi
  11 deep elf knights
  The ghost of BillyBaka the Trooper, a novice MiFi of Okawaru (D:7)
  2 iron trolls
  3 skysharks
  A storm dragon zombie (Depths:3)
  A soul eater (Crypt:1)
  A fire crab (Lair:4)
  3 goliath frogs
  3 shadow wraiths
  A death drake (Swamp:4)
  A salamander mystic (Snake:3)
  38 skeletal warriors
  7 spriggan simulacra (IceCv)
  3 glowing orange brains
  20 deep trolls
  2 naga ritualists (Snake:4)
  3 spriggan riders
  2 flayed ghosts
  A spriggan druid (Swamp:3)
  2 swamp dragons
  8 wizards
  12 phantasmal warriors
  2 harpies (Vaults:3)
  2 deep elf archers (Elf:3)
  A harpy (shapeshifter) (Vaults:4)
  5 bog bodies
  22 deep elf pyromancers
  16 deep elf zephyrmancers
  6 necromancers
  A fenstrider witch simulacrum (Crypt:1)
  A golden dragon skeleton (D:15)
  2 lindwurms
  An obsidian statue (IceCv)
  9 ironbound convokers
  A fire giant zombie (D:15)
  3 cyclopes
  2 manticores (D:12)
  4 mana vipers
  7 salamanders
  26 ugly things
  A moth of wrath (Zot:4)
  2 stone giant zombies
  A frost giant zombie (D:15)
  A goliath frog skeleton (Crypt:1)
  16 elephants
  20 black mambas
  6 vault sentinels
  An eye of devastation (Slime:2)
  6 naga magi
  2 torpor snails
  A frost giant skeleton (Crypt:2)
  The ghost of soul19 the Trooper, a novice DsFi (D:6)
  15 cane toads
  A shock serpent skeleton (Crypt:2)
  2 gargoyles (D:12)
  2 unseen horrors (D:10)
  A molten gargoyle (D:14)
  9 freezing wraiths
  12 komodo dragons
  6 kobold demonologists
  An efreet (D:12)
  A minotaur zombie (Gauntlet)
  A rime drake (Lair:2)
  A tengu conjurer (D:14)
  4 anaconda simulacra
  5 yaktaurs
  A spectral naga (Snake:1)
  An alligator snapping turtle skeleton (Crypt:2)
  5 guardian mummies
  A white draconian skeleton (Crypt:3)
  9 trolls
  7 ice devils
  A troll (shapeshifter) (Vaults:3)
  A minotaur skeleton (Crypt:3)
  A sea snake skeleton (Snake:1)
  A meliai (shapeshifter) (Vaults:4)
  2 polar bears (D:8)
  2 bloated husks
  A hydra skeleton (Crypt:3)
  5 tyrant leeches
  A spectral guardian serpent (Snake:1)
  18 blink frogs
  A harpy skeleton (Crypt:1)
  3 hornets
  4 dream sheep (Lair:4)
  16 slime creatures
  A spriggan zombie (D:15)
  5 water elementals
  An air elemental (Elf:3)
  A guardian serpent skeleton (Snake:1)
  A spriggan (Depths:4)
  Sigmund (D:2)
  A shadow (D:9)
  A hog (Swamp:2)
  42 yaks
  3 vampires
  A wyvern (Lair:4)
  A human (shapeshifter) (Vaults:4)
  5 basilisks
  10 wraiths
  A wind drake zombie (Crypt:1)
  A tyrant leech zombie (Crypt:3)
  An unseen horror simulacrum (D:8)
  2 fire elementals
  2 fire bats (Swamp:4)
  A redback (Vaults:3)
  14 minotaur simulacra (IceCv)
  3 sea snake simulacra (Snake:1)
  A chaos spawn (Depths:1)
  3 steam dragons
  12 swamp worms
  8 vampire mosquitoes
  A two-headed ogre zombie (Crypt:1)
  6 wargs
  2 harpy simulacra (IceCv)
  2 hell hounds (Gauntlet)
  18 nagas
  4 acid dragons
  A faun skeleton (Crypt:2)
  2 floating eyes
  10 water moccasins
  3 nameless horrors
  A fire bat skeleton (Crypt:2)
  A hydra simulacrum (IceCv)
  2 naga skeletons (Snake:1)
  A guardian serpent simulacrum (Snake:1)
  4 swamp drakes
  A sky beast (D:7)
  11 orc warriors
  7 ogres
  6 ice beasts
  4 alligator simulacra (IceCv)
  An ettin simulacrum (IceCv)
  A human zombie (Vaults:2)
  2 boggarts (Vaults:2)
  7 wolves
  A blink frog skeleton (Crypt:1)
  10 centaurs
  A hog skeleton (Crypt:3)
  17 kobold brigands
  A rime drake skeleton (Crypt:1)
  2 necrophages (Crypt:3)
  3 bullfrogs
  7 deep troll simulacra (IceCv)
  3 gnoll sergeants
  3 scorpions
  A naga simulacrum (Snake:1)
  11 wights
  A hornet simulacrum (D:8)
  16 killer bees
  A lindwurm simulacrum (IceCv)
  A polar bear skeleton (Crypt:3)
  3 howler monkeys
  A lava snake (D:14)
  3 jellies
  6 hounds
  A wyvern simulacrum (D:8)
  21 orc priests
  Crazy Yiuf (D:4)
  A gnoll bouda (D:7)
  3 sleepcaps
  3 iguanas
  21 orc wizards
  A black bear skeleton (Crypt:3)
  2 centaur simulacra (D:8)
  An ogre skeleton (Crypt:1)
  A killer bee simulacrum (D:8)
  17 gnolls
  5 adders
  A shadow imp (D:7)
  4 white imps
  An ufetubus (D:8)
  2 worms
  3 dart slugs
  52 orcs
  2 bats (D:1)
  5 endoplasms
  3 giant cockroaches (D:1)
  8 goblins
  7 hobgoblins
  5 jackals
  5 quokkas
  12 ball pythons
  2 frilled lizards
  A giant cockroach zombie (Crypt:3)
  A gnoll skeleton (Crypt:2)
  A goblin skeleton (Crypt:1)
  A jackal skeleton (Crypt:2)
  13 kobolds
  A kobold zombie (Crypt:3)
  17 rats
  2 fire vortices (D:14)
1265 creatures vanquished.

Vanquished Creatures (collateral kills)
  the Royal Jelly (Slime:5)
  3 orbs of fire (Zot:5)
  An ancient lich (Zot:5)
  Sojobo (Vaults:3)
  Josephina (Zot:1)
  Boris (twice) (Depths:1 Depths:2)
  Margery (Crypt:3)
  Vashnia (Snake:4)
  5 Killer Klowns
  Xtahua (Vaults:3)
  2 caustic shrikes (Depths:4)
  A curse toe (Zot:4)
  10 golden dragons
  A profane servitor (D:14)
  A Tzitzimitl (D:11)
  A hellephant (Depths:2)
  An Ice Fiend (IceCv)
  2 electric golems (Zot:5)
  A walking crystal tome (Depths:4)
  A Hell Sentinel (Depths:4)
  8 tentacled monstrosities
  24 Orb Guardians (Zot:5)
  Rupert (D:14)
  Asterion (Vaults:3)
  A deep elf blademaster (Elf:3)
  2 titans
  2 deep elf master archers
  4 quicksilver dragons
  24 acid blobs
  2 death cobs
  4 sphinxes
  3 shadow dragons
  9 storm dragons
  2 tengu reavers (Depths:2)
  6 rockslimes
  7 fire giants
  3 nagarajas
  9 azure jellies
  7 draconian monks
  5 draconian knights
  3 deep elf sorcerers (Elf:3)
  2 fenstrider witches
  A draconian scorcher (Zot:1)
  3 ghost moths (Zot:4)
  Louise (Swamp:2)
  3 frost giants
  A draconian shifter (Zot:2)
  A spriggan defender (Vaults:3)
  A ghoul (Crypt:1)
  An orc warlord (Vaults:4)
  5 vault wardens
  3 deep elf elementalists (Elf:3)
  10 quicksilver oozes
  5 draconian annihilators
  A cacodemon (Vaults:4)
  2 draconian stormcallers
  7 ironbound preservers
  A reaper (Crypt:2)
  20 very ugly things
  8 stone giants
  3 ironbound thunderhulks
  4 deep elf demonologists (Elf:3)
  5 black draconians
  3 vampire knights
  A deep elf annihilator (Elf:3)
  2 eleionomae
  6 green draconians
  15 purple draconians
  9 yellow draconians
  12 red draconians
  2 white draconians (Zot:1)
  4 spark wasps
  7 dire elephants
  3 deep elf death magi
  6 ettins
  A deep elf high priest (Vaults:4)
  7 yaktaur captains
  8 fire dragons
  A merfolk impaler (Depths:1)
  A jiangshi (Crypt:1)
  A spriggan zombie (Depths:3)
  6 ice dragons
  3 spriggan air magi
  A hell beast (D:7)
  15 great orbs of eyes
  2 salamander tyrants (Snake:4)
  8 rakshasas
  4 vault guards
  2 peacekeepers
  A ghost crab (Swamp:4)
  3 anacondas
  11 hydras
  3 ironbound frosthearts
  6 alligators
  A centaur warrior (D:14)
  A death knight (Crypt:2)
  6 deep troll earth magi
  2 tengu warriors
  6 hell hogs (Depths:2)
  5 deep troll shamans
  2 shock serpents (Snake:1)
  10 naga warriors
  2 orc high priests (Orc:2)
  A shock serpent (shapeshifter) (Vaults:4)
  6 spriggan berserkers
  12 naga sharpshooters
  3 deep elf knights (Elf:3)
  A skyshark (Lair:5)
  6 hell knights (Crypt:3)
  A spriggan rider (Swamp:1)
  A fire crab (Swamp:4)
  4 iron trolls
  A skeletal warrior (Crypt:1)
  3 goliath frogs
  7 swamp dragons
  3 salamander mystics
  34 deep trolls
  A swamp dragon (shapeshifter) (Vaults:4)
  4 deep elf archers
  3 glowing orange brains
  A spectral anaconda (Snake:1)
  2 flayed ghosts
  A spriggan druid (Swamp:3)
  3 naga ritualists (Snake:4)
  5 lindwurms
  3 wizards
  2 phantasmal warriors (Crypt:1)
  A tengu zombie (Vaults:2)
  3 harpies (Vaults:3)
  3 will-o-the-wisps
  3 oklob plants (Lair:5)
  2 necromancers
  33 ugly things
  10 deep elf pyromancers
  7 ironbound convokers
  3 deep elf zephyrmancers
  7 salamanders
  2 shining eyes
  3 mana vipers
  A salamander (shapeshifter) (Vaults:4)
  3 elephants (Lair:5)
  A moth of wrath (shapeshifter) (Vaults:4)
  5 nameless horrors
  A dire elephant zombie (Crypt:1)
  14 naga magi
  An elf zombie (Vaults:2)
  11 moths of wrath
  8 black mambas
  A smoke demon (D:15)
  3 vault sentinels (Vaults:4)
  6 guardian serpents
  A rust devil (Zot:1)
  An eye of devastation (Slime:5)
  A storm dragon simulacrum (Zot:1)
  10 cane toads
  A gargoyle (D:12)
  2 freezing wraiths
  4 komodo dragons
  5 yaktaurs
  2 tengu conjurers (Depths:1)
  2 golden dragon simulacra (Zot:1)
  2 ice devils
  An anaconda simulacrum (Snake:1)
  A yaktaur skeleton (Vaults:2)
  A sea snake skeleton (Snake:1)
  A red draconian skeleton (Crypt:1)
  3 tyrant leeches
  3 hornets
  A troll (D:12)
  A raiju (Gauntlet)
  9 blink frogs
  An ettin zombie (Crypt:1)
  63 slime creatures
  A large abomination (Depths:1)
  A dire elephant simulacrum (IceCv)
  An air elemental (Elf:3)
  A water elemental (Depths:3)
  4 spriggans
  A basilisk (Lair:4)
  2 fire elementals
  3 fire bats (Depths:3)
  17 yaks
  A steam dragon (Swamp:4)
  3 golden eyes (Slime:2)
  A minotaur simulacrum (IceCv)
  5 vampire mosquitoes
  A redback (shapeshifter) (Depths:3)
  A yellow draconian simulacrum (Zot:1)
  20 nagas
  2 swamp worms
  A warg (Orc:2)
  2 water moccasins (Lair:5)
  2 floating eyes
  A naga skeleton (Crypt:1)
  6 swamp drakes (Swamp:4)
  3 hell hounds (Zot:1)
  2 orc warriors (Orc:2)
  2 boggarts (Vaults:2)
  A centaur (D:13)
  A kobold brigand (Orc:1)
  3 bullfrogs (Lair:5)
  An earth elemental (Elf:1)
  A necrophage (Crypt:1)
  An electric eel (Elf:3)
  5 orc priests (Orc:2)
  2 orc wizards (Orc:1)
  A hound zombie (Crypt:1)
  2 gnolls (D:13)
  2 naga simulacra (Snake:1)
  12 orcs
  A kobold (shapeshifter) (Depths:3)
  A bush (Lair:4)
  4 plants
920 creatures vanquished.

Vanquished Creatures (others)
  A juggernaut (Depths:1)
  A quicksilver dragon (Zot:2)
  A titan (Crypt:3)
  A sphinx (Vaults:4)
  3 tengu reavers
  A shadow dragon (Depths:3)
  An azure jelly (Slime:5)
  2 rockslimes
  3 fenstrider witches
  3 fire giants
  A ghost moth (Crypt:3)
  A draconian scorcher (Zot:2)
  An orc warlord (Vaults:4)
  3 ironbound preservers
  A broodmother (Crypt:3)
  A quicksilver ooze (Slime:5)
  A draconian annihilator (Zot:1)
  A deep elf annihilator (Vaults:4)
  A green draconian (Zot:1)
  A purple draconian (Zot:5)
  A deep elf demonologist (Elf:3)
  A bunyip (Swamp:4)
  A red draconian (Zot:1)
  A dire elephant (Vaults:3)
  4 ettins
  A fire dragon (Depths:2)
  A deep elf high priest (Vaults:2)
  2 yaktaur captains
  An entropy weaver (Vaults:3)
  A great orb of eyes (Vaults:4)
  4 spriggan air magi
  An ice dragon (Depths:3)
  2 ironbound frosthearts
  A rakshasa (Depths:2)
  4 hydras
  An anaconda (Snake:4)
  2 catoblepae (Lair:5)
  2 boulder beetles
  A two-headed ogre (D:15)
  2 spriggan berserkers
  A naga sharpshooter (Snake:3)
  A spriggan (Swamp:1)
  A fire crab (Swamp:4)
  A goliath frog (Swamp:2)
  4 spriggan riders
  A swamp dragon (Swamp:4)
  A death drake (Swamp:4)
  2 harpies
  2 deep elf zephyrmancers (Elf:2)
  A deep elf archer (Elf:2)
  A mana viper (Snake:4)
  2 orc knights
  A salamander (shapeshifter) (Crypt:3)
  3 ironbound convokers
  An orc sorcerer (Orc:2)
  A cyclops (D:12)
  2 deep elf pyromancers
  2 manticores
  4 moths of wrath
  A nameless horror (Zot:4)
  2 vault sentinels (Vaults:4)
  A torpor snail (Lair:5)
  A black mamba (Lair:5)
  A naga mage (Snake:4)
  An unseen horror (D:12)
  A cane toad (Lair:5)
  3 tengu conjurers
  3 bloated husks
  A hornet (Swamp:1)
  A tyrant leech (Swamp:4)
  8 slime creatures
  A basilisk (Lair:5)
  4 humans (Swamp:2)
  A basilisk (shapeshifter) (D:15)
  A steam dragon (Swamp:4)
  A warg (Orc:2)
  A naga (Snake:4)
  An orc warrior (Orc:2)
  A swamp drake (Swamp:4)
  A boggart (Vaults:3)
  A wolf (Lair:5)
  An orc priest (Orc:2)
  A hound (D:14)
  2 orc wizards
  An iguana (D:14)
  A kobold (D:15)
  6 foxfires (Swamp:3)
  20 fungi
  166 plants
  2 snaplasher vines
  6 withered plants
338 creatures vanquished.

Grand Total: 2523 creatures vanquished

Notes
Turn   | Place    | Note
-------+----------+-------------------------------------------
     0 | D:1      | freelancePsychic the Tengu Wanderer began the quest for the
                  | Orb.
     0 | D:1      | freelancePsychic set off with the following items: a +0
                  | mace, a +2 buckler, 7 boomerangs, a +0 dagger, a potion of
                  | lignification, a +0 leather armour.
     0 | D:1      | Reached XP level 1. HP: 12/12 MP: 2/2
   107 | D:1      | Reached skill level 1 in Stealth
   127 | D:1      | Reached XP level 2. HP: 17/17 MP: 3/3
   318 | D:1      | Reached XP level 3. HP: 22/22 MP: 4/4
   837 | D:2      | Noticed Sigmund
  1058 | D:2      | Identified the +7 falchion of Amorality {freeze, Fragile
                  | rPois Int+5 Dex+3}
  1174 | D:2      | Identified the +4 robe of Cynicism {Drain rC+ MP+9 Int+3}
  1634 | D:3      | Reached skill level 1 in Necromancy
  1634 | D:3      | Reached XP level 4. HP: 13/27 MP: 5/5
  1776 | D:3      | Noticed a scorpion
  1920 | D:3      | Reached skill level 1 in Short Blades
  2453 | D:3      | Gained mutation: Your magical nature lets you fly swiftly
                  | and evasively. [Tengu growth]
  2453 | D:3      | Reached XP level 5. HP: 31/32 MP: 6/6
  2775 | D:4      | Found a runed translucent door.
  2776 | D:4      | Noticed Crazy Yiuf
  2918 | D:3      | Learned a level 4 spell: Dispel Undead
  2956 | D:5      | Entered Level 5 of the Dungeon
  2956 | D:5      | Noticed an ogre
  2969 | D:4      | Reached XP level 6. HP: 36/37 MP: 7/7
  3387 | D:5      | Found Moargh Qina's Vocational Training.
  3683 | D:5      | Reached XP level 7. HP: 42/42 MP: 8/8
  3907 | D:5      | HP: 1/43 [hound (5)]
  3914 | D:5      | HP: 1/43 [hound (4)]
  4426 | D:6      | Reached skill level 5 in Necromancy
  4958 | D:6      | Found a transporter.
  4962 | D:6      | Found a transporter.
  4962 | D:6      | Identified the +9 great mace "Wiukiuw" {drain, *Slow rF+
                  | rN+ rCorr}
  4963 | D:6      | Noticed soul19's ghost (novice DsFi)
  5047 | D:7      | Identified a scroll of acquirement
  5047 | D:7      | Acquired the +8 quick blade "Spiderslayer" {venom, rC+
                  | Will+ Stlth+}
  5081 | D:7      | Reached skill level 1 in Dodging
  5081 | D:7      | Reached XP level 8. HP: 17/48 MP: 9/9
  5222 | D:7      | Reached skill level 5 in Fighting
  5247 | D:7      | Found a staircase to the Ecumenical Temple.
  5293 | Temple   | Entered the Ecumenical Temple
  5310 | Temple   | Became a worshipper of Kikubaaqudgha
  5400 | D:7      | Noticed BillyBaka's ghost (novice MiFi)
  5401 | D:7      | Found a runed translucent gate.
  5401 | D:7      | Found a runed translucent gate.
  5401 | D:7      | Found a runed translucent gate.
  5472 | D:7      | Reached skill level 5 in Short Blades
  5493 | D:7      | Found Gearamuq's Serpentskin Sales.
  5549 | D:7      | Bought a scroll of poison for 64 gold pieces
  6328 | D:4      | Reached XP level 9. HP: 55/55 MP: 10/10
  6483 | D:4      | Killed Crazy Yiuf
  6550 | D:2      | Killed Sigmund
  6804 | D:5      | Reached skill level 5 in Dodging
  6926 | D:5      | Found Moargh Qina's Vocational Training.
  7228 | D:6      | Killed soul19's ghost
  7228 | D:6      | Reached * piety under Kikubaaqudgha
  7228 | D:6      | Received a gift from Kikubaaqudgha
  7253 | D:6      | Acquired a manual of Fighting
  7330 | D:7      | Killed BillyBaka's ghost
  7331 | D:7      | Reached XP level 10. HP: 18/64 MP: 0/11
  7916 | D:8      | Found Zebloicu's Antique Weapon Emporium.
  7930 | D:8      | Found a bloodstained altar of Trog.
  7943 | D:8      | Found a glowing silver altar of Zin.
  7948 | D:8      | Found a stormy altar of Qazlal.
  7951 | D:8      | Found a basalt altar of Yredelemnul.
  7953 | D:8      | Found an ornate altar of the Wu Jian Council.
  7960 | D:8      | Found a burning altar of Makhleb.
  8035 | D:8      | Reached skill level 10 in Fighting
  8914 | D:9      | Found a white marble altar of Elyvilon.
  9094 | D:9      | Reached ** piety under Kikubaaqudgha
  9285 | D:9      | Reached XP level 11. HP: 69/76 MP: 12/12
  9504 | D:9      | Reached skill level 10 in Dodging
  9870 | D:10     | Entered Level 10 of the Dungeon
 10088 | D:10     | Found a runed translucent gate.
 10088 | D:10     | Found a runed translucent gate.
 10090 | D:10     | Found a staircase to the Orcish Mines.
 10090 | D:10     | Found a runed translucent gate.
 10091 | D:10     | Noticed a red ugly thing
 10092 | D:10     | Noticed a purple ugly thing
 10092 | D:10     | Noticed a lindwurm
 10092 | D:10     | Noticed a red ugly thing
 10093 | D:10     | Noticed a glowing orange brain
 10098 | D:10     | a lindwurm changed into a bunyip
 10098 | D:10     | Noticed a bunyip (glowing shapeshifter)
 10105 | D:10     | a bunyip changed into an ettin
 10105 | D:10     | Noticed an ettin (glowing shapeshifter)
 10108 | D:10     | an ettin changed into a great orb of eyes
 10108 | D:10     | Noticed a great orb of eyes (glowing shapeshifter)
 10594 | D:10     | Reached skill level 1 in Spellcasting
 10598 | D:10     | Learned a level 2 spell: Sublimation of Blood
 10817 | D:10     | Reached *** piety under Kikubaaqudgha
 10817 | D:10     | Received a gift from Kikubaaqudgha
 11002 | D:11     | Noticed a boulder beetle
 11082 | D:11     | Noticed a cyclops
 11097 | D:11     | Killed a cyclops
 11483 | D:11     | Killed a boulder beetle
 11582 | D:11     | Found a staircase to the Lair.
 11599 | D:11     | Noticed a two-headed ogre
 11613 | D:11     | Killed a two-headed ogre
 11614 | D:11     | Reached XP level 12. HP: 62/84 MP: 18/18
 11686 | D:11     | Learned a level 6 spell: Death Channel
 11693 | D:11     | Learned a level 6 spell: Simulacrum
 11808 | Lair:1   | Entered Level 1 of the Lair of Beasts
 11989 | Lair:1   | Noticed a catoblepas
 12446 | Lair:1   | Killed a catoblepas
 12447 | Lair:1   | Reached skill level 15 in Fighting
 12593 | Lair:1   | Reached skill level 10 in Necromancy
 12609 | Lair:1   | Reached **** piety under Kikubaaqudgha
 12991 | Lair:1   | Reached skill level 1 in Ice Magic
 13399 | Lair:2   | Found a staircase to the Swamp.
 14100 | Lair:2   | Identified the ring "Kunkuw" {Fly rElec Str+3 Int+6 SInv}
 14519 | Lair:3   | Reached XP level 13. HP: 92/92 MP: 20/20
 14597 | Lair:3   | Found a staircase to the Snake Pit.
 14627 | Lair:3   | Reached skill level 5 in Ice Magic
 16070 | Lair:4   | You are sucked into a shaft and drop 1 floor!
 16070 | Lair:5   | Entered Level 5 of the Lair of Beasts
 16142 | Lair:5   | Reached ***** piety under Kikubaaqudgha
 16155 | Lair:5   | Reached XP level 14. HP: 66/98 MP: 6/21
 16542 | Lair:4   | Found a staircase to the Slime Pits.
 17230 | Lair:5   | Paralysed by a floating eye for 4 turns
 19073 | Orc:1    | Entered Level 1 of the Orcish Mines
 19420 | Orc:2    | Entered Level 2 of the Orcish Mines
 19672 | Orc:2    | Reached skill level 15 in Necromancy
 19839 | Orc:2    | Reached ****** piety under Kikubaaqudgha
 20074 | Orc:2    | Found Kengaoha's CLEARANCE SALE!.
 20110 | Orc:2    | Received a gift from Kikubaaqudgha
 20138 | Orc:2    | Found a staircase to the Elven Halls.
 20185 | Orc:2    | Reached skill level 1 in Summonings
 20516 | Orc:2    | Reached skill level 5 in Spellcasting
 20556 | Orc:2    | Found Tasidu's Assorted Antiques.
 20556 | Orc:2    | Found Dicaabri's Assorted Antiques.
 20570 | Orc:2    | Bought a fizzy clear potion for 29 gold pieces
 20570 | Orc:2    | Bought a silvery potion for 29 gold pieces
 20671 | Orc:2    | Reached XP level 15. HP: 89/98 MP: 23/23
 20856 | Orc:2    | Found Dolaekko's Assorted Antiques.
 20856 | Orc:2    | Found Taosir's Magic Scroll Shoppe.
 20909 | Orc:2    | Reached skill level 2 in Summonings
 21182 | Orc:2    | Bought a scroll labelled ZARHIE DORHU for 34 gold pieces
 21182 | Orc:2    | Bought a dark potion for 30 gold pieces
 21203 | Orc:2    | Bought a scroll of acquirement for 780 gold pieces
 21203 | Orc:2    | Bought a scroll of blinking for 112 gold pieces
 21203 | Orc:2    | Acquired 779 gold pieces
 21265 | Orc:2    | Found Sisosint's Book Shop.
 21925 | D:12     | Found a large runed translucent door.
 21935 | D:12     | Reached skill level 1 in Earth Magic
 22239 | D:12     | Found a large runed translucent door.
 22239 | D:12     | Found a large runed translucent door.
 22473 | D:12     | Found a large runed translucent door.
 23427 | D:13     | Found a gate leading to a gauntlet.
 23444 | Gauntlet | Entered a Gauntlet
 23444 | Gauntlet | Found a transporter.
 23444 | Gauntlet | Found a transporter.
 23456 | Gauntlet | Found a transporter.
 23459 | Gauntlet | Found a transporter.
 23467 | Gauntlet | Found a transporter.
 23470 | Gauntlet | Found a transporter.
 23478 | Gauntlet | Found a transporter.
 23495 | Gauntlet | Found a transporter.
 23518 | Gauntlet | Found a transporter.
 23519 | Gauntlet | Found a transporter.
 23521 | Gauntlet | Found a runed translucent gate.
 23522 | Gauntlet | Found a large runed translucent door.
 23522 | Gauntlet | Found a large runed translucent door.
 23522 | Gauntlet | Found a runed translucent gate.
 23523 | Gauntlet | Found a large runed translucent door.
 23524 | Gauntlet | Found a large runed translucent door.
 23525 | Gauntlet | Found a large runed translucent door.
 23525 | Gauntlet | Found a large runed translucent door.
 23525 | Gauntlet | Found a runed translucent door.
 23526 | Gauntlet | Found a large runed translucent door.
 23527 | Gauntlet | Found a large runed translucent door.
 23530 | Gauntlet | Found a transporter.
 23532 | Gauntlet | Found a transporter.
 23569 | Gauntlet | Found a large runed translucent door.
 23570 | Gauntlet | Found a large runed translucent door.
 23571 | Gauntlet | Found a large runed translucent door.
 23571 | Gauntlet | Found a large runed translucent door.
 23571 | Gauntlet | Found a runed translucent door.
 23572 | Gauntlet | Found a large runed translucent door.
 23573 | Gauntlet | Found a large runed translucent door.
 23574 | Gauntlet | Found a large runed translucent door.
 23574 | Gauntlet | Found a large runed translucent door.
 23575 | Gauntlet | Found a runed translucent gate.
 23797 | Gauntlet | Learned a level 5 spell: Borgnjor's Vile Clutch
 24043 | Gauntlet | Identified the +8 sling "Siom" {drain, Fly rElec rF+ Dex-5}
 24889 | D:14     | Noticed Rupert
 24903 | D:14     | Killed Rupert
 25062 | D:14     | Found a gate to the Vaults.
 25344 | D:14     | Noticed Agnes
 25356 | D:14     | Killed Agnes
 25578 | D:14     | Identified the +1 robe "Pinifuif" {Str+3 Int-3}
 25907 | D:14     | Reached XP level 16. HP: 79/108 MP: 7/26
 26171 | D:15     | Entered Level 15 of the Dungeon
 26532 | D:15     | Reached skill level 10 in Short Blades
 27125 | D:15     | Found a hazy altar of Hepliaklqana.
 27188 | D:15     | Noticed Jorgrun
 27211 | D:15     | Killed Jorgrun
 27538 | D:15     | Found a staircase to the Depths.
 27986 | D:15     | Reached skill level 5 in Earth Magic
 28175 | D:15     | Reached skill level 15 in Dodging
 28232 | D:15     | Noticed Nessos
 28252 | D:15     | Killed Nessos
 28603 | D:15     | Upgraded the game from 0.30-a0-859-gf88a04b62d to
                  | 0.30-a0-860-g512cf1e979
 28791 | Elf:1    | Entered Level 1 of the Elven Halls
 29409 | Elf:1    | Got the Elucidation of the Mob
 30786 | Elf:2    | Reached XP level 17. HP: 58/113 MP: 14/29
 30990 | Elf:2    | Found Meroc's Book Shop.
 31330 | Elf:2    | Found a runed translucent gate.
 31331 | Elf:2    | Found a runed translucent gate.
 31331 | Elf:2    | Found a runed translucent gate.
 31456 | Elf:2    | Learned a level 8 spell: Infestation
 31994 | Snake:1  | Entered Level 1 of the Snake Pit
 32190 | Snake:1  | Identified the +1 cloak "Ziseoc Xixu" {rF+ Int+2}
 35530 | Snake:3  | Reached skill level 3 in Summonings
 35756 | Snake:3  | Reached skill level 4 in Summonings
 36452 | Snake:3  | Noticed Aizul
 36465 | Snake:3  | Killed Aizul
 36661 | Snake:3  | Learned a level 7 spell: Haunt
 36780 | Snake:3  | Reached skill level 5 in Summonings
 36870 | Snake:3  | Found Eciohebo's Weapon Shoppe.
 37342 | Snake:4  | Entered Level 4 of the Snake Pit
 37546 | Snake:4  | Found a sacrificial altar of Ru.
 37607 | Snake:4  | Reached skill level 6 in Summonings
 37607 | Snake:4  | Reached XP level 18. HP: 119/119 MP: 17/32
 38396 | Snake:4  | Reached skill level 7 in Summonings
 38690 | Snake:4  | Noticed a quicksilver dragon
 38690 | Snake:4  | Noticed a quicksilver dragon
 38840 | Snake:4  | Killed a quicksilver dragon
 38841 | Snake:4  | Killed a quicksilver dragon
 38983 | Snake:4  | Got a serpentine rune of Zot
 39019 | Snake:4  | Reached skill level 8 in Summonings
 39316 | Snake:4  | Reached skill level 10 in Spellcasting
 39535 | Snake:4  | Noticed Vashnia
 39952 | Snake:4  | Killed Vashnia
 40484 | Swamp:1  | Entered Level 1 of the Swamp
 41243 | Swamp:1  | Found a transporter.
 41271 | Swamp:1  | Found a transporter.
 41281 | Swamp:1  | Reached skill level 9 in Summonings
 41283 | Swamp:1  | Noticed Brisketman's ghost (journeyman FeCj)
 41815 | Swamp:2  | Identified the +0 tower shield of Xanlyfumn {rF++ Int-4
                  | Slay+6}
 41815 | Swamp:2  | Noticed Louise
 41815 | Swamp:2  | Noticed Kirke
 41836 | Swamp:2  | Found a runed translucent gate.
 41836 | Swamp:2  | Found a runed translucent gate.
 41836 | Swamp:2  | Found a runed translucent gate.
 41840 | Swamp:2  | Noticed Ceno's ghost (adept GnHW)
 41951 | Swamp:2  | Found a frozen archway.
 41993 | IceCv    | Entered an ice cave
 42781 | IceCv    | Reached XP level 19. HP: 125/125 MP: 26/34
 43014 | IceCv    | Noticed an Ice Fiend
 43108 | IceCv    | Killed an Ice Fiend
 43233 | IceCv    | Got the Guide on Congelation
 43546 | IceCv    | Reached skill level 10 in Summonings
 43547 | IceCv    | Identified the +2 pair of gloves of a bailey {Harm rPois
                  | rF+ Str-2 Dex+5}
 43831 | Swamp:2  | Noticed Nikola
 43838 | Swamp:2  | Killed Nikola
 44184 | Swamp:2  | Killed Kirke
 44193 | Swamp:2  | Killed Louise
 45295 | Swamp:3  | Identified the +0 chain mail of Juwkiynn {rPois}
 45724 | Swamp:3  | Found a transporter.
 46034 | Swamp:3  | Found a one-way gate to the infinite horrors of the Abyss.
 46034 | Swamp:3  | Noticed Fiugearo's ghost (adept MiFi)
 46133 | Swamp:3  | Found a transporter.
 46273 | Swamp:3  | Identified the amulet "Feanyhiago" {rPois Regen+}
 46373 | Swamp:4  | Entered Level 4 of the Swamp
 47334 | Swamp:4  | Identified the +6 falchion of the Enfolding Gods {heavy,
                  | rC+ Int+3}
 47483 | Swamp:4  | Got a decaying rune of Zot
 47965 | Elf:3    | Entered Level 3 of the Elven Halls
 48322 | Elf:3    | Found Ler Sous's Distillery.
 48323 | Elf:3    | Found Bemiax's Magic Scroll Emporium.
 48326 | Elf:3    | Paralysed by an air elemental for 1 turns
 48328 | Elf:3    | Paralysed by an air elemental for 1 turns
 48332 | Elf:3    | Paralysed by an air elemental for 1 turns
 48334 | Elf:3    | Found Netziuxt's Distillery.
 48429 | Elf:3    | Bought a scroll of fear for 68 gold pieces
 48429 | Elf:3    | Bought a scroll of summoning for 161 gold pieces
 48444 | Elf:3    | Bought a potion of invisibility for 152 gold pieces
 48444 | Elf:3    | Bought a potion of heal wounds for 95 gold pieces
 48444 | Elf:3    | Bought a potion of curing for 57 gold pieces
 48444 | Elf:3    | Bought a potion of brilliance for 76 gold pieces
 48444 | Elf:3    | Bought a potion of invisibility for 152 gold pieces
 48511 | Elf:3    | Bought a potion of heal wounds for 90 gold pieces
 48511 | Elf:3    | Bought a potion of curing for 54 gold pieces
 48511 | Elf:3    | Bought a potion of curing for 54 gold pieces
 48511 | Elf:3    | Bought a potion of might for 72 gold pieces
 48511 | Elf:3    | Bought a potion of invisibility for 144 gold pieces
 48511 | Elf:3    | Bought a potion of invisibility for 144 gold pieces
 48511 | Elf:3    | Bought a potion of curing for 54 gold pieces
 48807 | Elf:3    | Reached XP level 20. HP: 98/134 MP: 21/35
 49190 | Elf:3    | Identified the +2 leather armour of the Skies Above {rN+
                  | rCorr Str+2}
 49190 | Elf:3    | Identified the ring "Moyd" {Str+6 Int+4}
 49199 | Elf:3    | Reached skill level 10 in Shields
 49474 | Elf:3    | Identified the +8 spear of Plog {freeze, Fragile rCorr
                  | Int+6 SInv}
 49547 | Elf:3    | Identified the +2 sling of Success {speed, Will+++ Int-4
                  | Dex-4 SInv}
 49555 | Elf:3    | Identified the quicksilver dragon scales of Hidifacw {rN+
                  | Will+ Str+4 Dex+6 Slay-4}
 49584 | Elf:3    | Got the Handbook of Prime Excavation
 49591 | Elf:3    | Identified the +0 shortbow of Law {heavy, rN+}
 49623 | Elf:3    | Identified the +10 sling of the Shoals {antimagic, rPois
                  | rF++ Str-5 Int+3}
 50028 | Vaults:1 | Entered Level 1 of the Vaults
 50640 | Vaults:1 | Identified the +8 triple crossbow of Abaecvus {freeze,
                  | rElec rPois Str+4 Int+3}
 51388 | Vaults:1 | Reached skill level 5 in Armour
 51947 | Vaults:1 | Identified the +3 trident of Terrible Reinforcement {heavy,
                  | rPois rF++ rN+ Stlth-}
 52491 | Vaults:2 | Identified the +10 rapier of Waoj {heavy, rC- Str+5}
 52637 | Vaults:2 | Found a staircase to the Crypt.
 53147 | Vaults:2 | Reached XP level 21. HP: 141/141 MP: 20/36
 54095 | Crypt:1  | Entered Level 1 of the Crypt
 54862 | Crypt:1  | Reached skill level 10 in Armour
 57728 | Crypt:3  | Entered Level 3 of the Crypt
 57963 | Crypt:3  | Found the +3 giant club "Skullcrusher" {speed, Str+7}
 58833 | Crypt:3  | Paralysed by a vampire knight for 4 turns
 58838 | Crypt:3  | Reached XP level 22. HP: 114/150 MP: 29/37
 59194 | Crypt:3  | Reached skill level 1 in Translocations
 59239 | Crypt:3  | Reached skill level 11 in Summonings
 59646 | Crypt:3  | Noticed a dread lich
 59687 | Crypt:3  | Noticed Boris
 59697 | Crypt:3  | Killed Boris
 60051 | Crypt:3  | Noticed Margery
 60064 | Crypt:3  | Killed Margery
 60276 | Crypt:3  | Found a staircase to the Tomb.
 60391 | Crypt:3  | Noticed an ancient lich
 60404 | Crypt:3  | Killed a dread lich
 60405 | Crypt:3  | Reached skill level 12 in Summonings
 60526 | Crypt:3  | Killed an ancient lich
 60609 | Crypt:3  | Identified the +0 falchion "Kecischu" {heavy, Str+2 Dex+4
                  | Stlth-}
 60617 | Crypt:3  | Identified the amulet of Ahesaequ {Spirit Fragile Fly rC-
                  | Str+7}
 60620 | Crypt:3  | Identified the ring of Wu Jian's Delight {rElec rF+ rN+
                  | rCorr Slay-6}
 60620 | Crypt:3  | Identified the ring "Xainapio" {rN+ Dex+3}
 60620 | Crypt:3  | Identified the ring "Ythol" {rElec rN+ Int+2 Stlth+}
 61379 | Vaults:3 | You are sucked into a shaft and drop 1 floor!
 61503 | Vaults:4 | Identified the +5 morningstar of Wyrd {protect, Int+4
                  | Stlth+}
 61741 | Vaults:4 | Reached skill level 5 in Translocations
 61745 | Vaults:4 | Reached skill level 13 in Summonings
 62928 | Vaults:3 | Reached XP level 23. HP: 156/156 MP: 31/38
 63516 | Vaults:3 | Noticed Asterion
 63523 | Vaults:3 | Noticed Sojobo
 63525 | Vaults:3 | Killed Asterion
 63526 | Vaults:3 | Reached skill level 14 in Summonings
 63536 | Vaults:3 | Killed Sojobo
 63882 | Vaults:3 | Noticed Xtahua
 63888 | Vaults:3 | Killed Xtahua
 65004 | Vaults:4 | Reached skill level 15 in Summonings
 65214 | Vaults:4 | Found a runed translucent gate.
 65215 | Vaults:4 | Found a runed translucent gate.
 65215 | Vaults:4 | Found a runed translucent gate.
 65869 | Vaults:4 | Found Dukhypup's Book Shop.
 66019 | Vaults:4 | Learned a level 5 spell: Summon Forest
 66146 | Depths:1 | Entered Level 1 of the Depths
 66441 | Depths:1 | Noticed a juggernaut
 66473 | Depths:1 | Found an iron altar of Okawaru.
 66682 | Depths:1 | Noticed Boris
 66684 | Depths:1 | Reached skill level 16 in Summonings
 66904 | Depths:1 | Killed Boris
 67321 | Depths:1 | Reached XP level 24. HP: 106/163 MP: 6/38
 67861 | Depths:1 | Found a gateway to Hell.
 68378 | Depths:2 | Found Memame's Gadget Gallery.
 68687 | Depths:2 | Identified the ring of Yesterday {rPois rN+ Stlth+}
 69500 | Depths:2 | Found a one-way gate leading to the halls of Pandemonium.
 70367 | Depths:2 | Found Wurayg's Book Shoppe.
 70368 | Depths:2 | Found Ysso's Jewellery Shop.
 70369 | Depths:2 | Found Nesaag's Book Shoppe.
 70379 | Depths:2 | Bought a book of the Dragon for 598 gold pieces
 70517 | Depths:2 | Noticed Boris
 70526 | Depths:2 | Killed Boris
 70750 | Depths:3 | Reached skill level 17 in Summonings
 71136 | Depths:3 | Found Qogaups's General Store.
 71739 | Depths:3 | Reached skill level 18 in Summonings
 71920 | Depths:3 | Bought a scroll of blinking for 135 gold pieces
 71920 | Depths:3 | Bought a potion of resistance for 180 gold pieces
 72059 | Depths:3 | Found Lymeqig's General Store.
 72067 | Depths:3 | Bought a potion of haste for 210 gold pieces
 72067 | Depths:3 | Bought a scroll of teleportation for 63 gold pieces
 72067 | Depths:3 | Bought a scroll of summoning for 199 gold pieces
 72333 | Depths:3 | Found Ywehef's Magic Scroll Boutique.
 72341 | Depths:3 | Bought a scroll of magic mapping for 165 gold pieces
 72341 | Depths:3 | Bought a scroll of teleportation for 66 gold pieces
 72504 | Depths:4 | Entered Level 4 of the Depths
 72533 | Depths:4 | Noticed Boris
 72538 | Depths:4 | Killed Boris
 72543 | Depths:4 | Found a flickering gateway to a bazaar.
 72549 | Bazaar   | Entered a bazaar
 72549 | Bazaar   | Found Tobruahe's Weapon Boutique.
 72549 | Bazaar   | Found Huulludu's Antique Armour Shoppe.
 72623 | Bazaar   | Found Xariw's General Store.
 72642 | Bazaar   | Found Wyewkyuw's Antique Weapon Boutique.
 72647 | Bazaar   | Found Neguduor's Book Emporium.
 73146 | Depths:4 | Reached skill level 19 in Summonings
 73163 | Depths:4 | Noticed a caustic shrike
 73163 | Depths:4 | Noticed a caustic shrike
 73165 | Depths:4 | Noticed a caustic shrike
 73171 | Depths:4 | Killed a caustic shrike
 73174 | Depths:4 | Killed a caustic shrike
 73174 | Depths:4 | Killed a caustic shrike
 73175 | Depths:4 | Reached XP level 25. HP: 91/168 MP: 2/39
 73346 | Depths:4 | Found a one-way gateway to a ziggurat.
 73782 | Depths:4 | Reached skill level 20 in Summonings
 74070 | Depths:4 | Found a gate to the Realm of Zot.
 75308 | Slime:1  | Entered Level 1 of the Pits of Slime
 75628 | Slime:1  | Reached skill level 21 in Summonings
 76081 | Slime:1  | Learned a level 9 spell: Dragon's Call
 76916 | Slime:4  | Reached skill level 22 in Summonings
 77027 | Slime:5  | Entered Level 5 of the Pits of Slime
 77422 | Slime:5  | Found a viscous altar of Jiyva.
 77422 | Slime:5  | Noticed the Royal Jelly
 77422 | Slime:5  | Found the +9 sword of Power {lifebolt}
 77455 | Slime:5  | Killed the Royal Jelly
 77754 | Slime:5  | Found the +8 demon blade "Leech" {evervamp, Harm Drain rN+}
 77758 | Slime:5  | Found the +8 storm bow {elec, penet}
 77853 | Slime:5  | Reached skill level 23 in Summonings
 78247 | Slime:5  | Identified the +9 plate armour "Ruluum" {-Cast rPois rF+
                  | SInv}
 78282 | Slime:5  | Got a slimy rune of Zot
 78331 | Slime:5  | Identified the +6 great mace of Conservatism {flame, Str+2}
 78349 | Slime:5  | Upgraded the game from 0.30-a0-860-g512cf1e979 to
                  | 0.30-a0-862-g1aabd4f9c5
 78788 | Zot:1    | Entered Level 1 of the Realm of Zot
 78979 | Zot:1    | Identified the ring of Wihor {Ice rElec rCorr Slay+2
                  | Stlth-}
 78979 | Zot:1    | Noticed Josephina
 78992 | Zot:1    | Killed Josephina
 79429 | Zot:1    | Noticed a Killer Klown
 79429 | Zot:1    | Noticed a Killer Klown
 79438 | Zot:1    | Killed a Killer Klown
 79438 | Zot:1    | Killed a Killer Klown
 79449 | Zot:1    | Reached skill level 24 in Summonings
 79462 | Zot:1    | Reached XP level 26. HP: 126/174 MP: 27/40
 79956 | Zot:1    | Acquired 1125 gold pieces
 80049 | Zot:1    | Reached skill level 25 in Summonings
 80923 | Zot:2    | Noticed a Killer Klown
 80937 | Zot:2    | Killed a Killer Klown
 80938 | Zot:2    | Reached skill level 26 in Summonings
 81245 | Zot:2    | Found a transporter.
 81449 | Zot:2    | Found a transporter.
 82141 | Zot:5    | Entered Level 5 of the Realm of Zot
 83054 | Zot:5    | Noticed an orb of fire
 83056 | Zot:5    | Gained mutation: Armour fits poorly on your strangely
                  | shaped body. [an orb of fire]
 83068 | Zot:5    | Killed an orb of fire
 83162 | Zot:5    | Noticed a Killer Klown
 83184 | Zot:5    | Noticed an orb of fire
 83189 | Zot:5    | Killed a Killer Klown
 83202 | Zot:5    | Killed an orb of fire
 83311 | Zot:5    | Noticed an ancient lich
 83314 | Zot:5    | Killed an ancient lich
 83315 | Zot:5    | Noticed an ancient lich
 83320 | Zot:5    | Killed an ancient lich
 83324 | Zot:5    | Noticed a dread lich
 83325 | Zot:5    | Reached XP level 27. HP: 149/182 MP: 2/40
 83331 | Zot:5    | Killed a dread lich
 83656 | Zot:5    | Noticed an ancient lich
 83664 | Zot:5    | Killed an ancient lich
 83878 | Zot:5    | Noticed a dread lich
 83890 | Zot:5    | Killed a dread lich
 83999 | Zot:5    | Noticed an ancient lich
 84000 | Zot:5    | Noticed an orb of fire
 84008 | Zot:5    | Killed an ancient lich
 84045 | Zot:5    | Killed an orb of fire
 84290 | Zot:5    | Got the Orb of Zot
 84672 | Depths:3 | Noticed Hesuac the pandemonium lord
 84707 | Depths:1 | Noticed Hazige the pandemonium lord
 84722 | Depths:1 | Noticed a seraph
 84981 | D:7      | Noticed Yttem the pandemonium lord
 84981 | D:7      | Noticed an ancient lich
 85064 | D:$      | Escaped with the Orb!

Illustrated notes

Levels and vault maps discovered:
D:1:      giann_horns, layout_rooms, hangedman_abyss_or_decor_stabs,
          minmay_rat_gold_closets
D:2:      layout_loops_corners, uniq_sigmund
D:3:      layout_basic
D:4:      layout_rooms, uniq_crazy_yiuf_cottage
D:5:      layout_rooms, nicolae_shop_vocational
D:6:      layout_basic, gammafunk_ghost_smash, wad_floor_pattern_1,
          dk_noncrumbling_2
D:7:      layout_rooms, minmay_temple_entry_glass,
          gammafunk_ghost_nasty_kobolds, guppyfry_shop_venom
D:8:      layout_basic, nicolae_overflow_hallway_of_the_gods, serial_shops,
          nicolae_take_the_stairs, serial_ice, serial_ice_h, serial_ice_m,
          serial_ice_c, serial_ice_i, serial_ice_g, serial_ice_b, serial_ice_d,
          serial_ice_a, chequers_serial_rivers_micro_e, minmay_misc_feat_columns
D:9:      layout_stronghold, mainiacjoe_overflow_small_starburst
D:10:     layout_long_grid, orc_0_dummy,
          ploomutoo_gammafunk_ghost_potion_laboratory
D:11:     layout_cave_pools, lair_entry_dummy, serial_glass, glass_columns_a,
          glass_columns_a, minmay_strange_pillars, due_unseen_surprise
D:12:     layout_roguey, minmay_hollow_rounded_squares
D:13:     layout_gridville, gauntlet_entry_generic,
          onia_ninara_dug_in_and_dangerous
D:14:     layout_basic, david_vaults_1, corexii_leaking_fountain, uniq_agnes,
          uniq_rupert
D:15:     gammafunk_depths_entry_grave, layout_basic,
          nicolae_hepliaklqana_hazy_memory, uniq_nessos, uniq_jorgrun
Temple:   hellmonk_temple_two_chambers
Lair:1:   layout_regular_city, grunt_megastairs_5
Lair:2:   layout_regular_city, swamp_mist_pool, hibernation_bobbens
Lair:3:   wander_river, layout_big_grid, minivault_11, serial_bayou_shore_b
Lair:4:   layout_long_grid, minmay_slime_entry_pillars
Lair:5:   minmay_lair_end_frog_pond, layout_long_grid, disabler_island,
          serial_bayou_shore_a
Swamp:1:  layout_basic_swamp, gammafunk_ghost_berserking_beasts,
          serial_swamp_ruin, evilmike_swamp_ruin_house_2,
          hangedman_swamp_ruin_hall, evilmike_swamp_ruin_house_3,
          infiniplex_staircase_pool_2
Swamp:2:  layout_basic_swamp, ebering_ghost_rock_garden,
          portal_ice_cave_entry_ugly_swarm, hangedman_swamp_ruin_wall,
          uniq_louise, uniq_kirke, uniq_nikola
Swamp:3:  layout_falls_marsh, gammafunk_ghost_abyssal_escape,
          nicolae_swamp_triple_paths, roderic_carrion_pond
Swamp:4:  swamp_fiery, layout_basic_swamp
Snake:1:  layout_chambers, nicolae_snake_the_dead_are_slithering
Snake:2:  layout_gridlike, lemuel_fruit_tree
Snake:3:  layout_gridlike, serial_shops, shop, serial_corexii_hall,
          chequers_hall_statues_y, corexii_hall_statues_deadend,
          corexii_hall_statues_x, corexii_hall_statues_x,
          chequers_hall_statues_wall_a, chequers_hall_statues_wall_a,
          nicolae_snake_snakes_in_the_grass, uniq_aizul
Snake:4:  hellmonk_snake_rune_quicksilver_temple, layout_cave_pods, basic_altar,
          uniq_vashnia
Slime:1:  layout_caves, nicolae_slime_phagocytosis
Slime:2:  layout_caves
Slime:3:  layout_caves, nicolae_slime_getting_an_eyeful, uniq_dissolution
Slime:4:  layout_caves
Slime:5
Orc:1:    layout_caves, special_room [special_room_kobold]
Orc:2:    st_orc_town, layout_caves, serial_shops, nicolae_shop_hallway_plus,
          basic_altar, nicolae_shop_clearance
Elf:1:    minmay_elf_arrival_plus, layout_loops_ring, minmay_elf_demonology,
          drop_trap
Elf:2:    nicolae_elf_blades_crystal_corner, layout_rooms, serial_shops,
          nicolae_shop_waterfront, dk_noncrumbling_3, nicolae_elf_v_pinch
Elf:3:    elf_hall, layout_geoelf_grid, nicolae_wooded_promenade,
          patterned_corridor
Vaults:1: nicolae_vaults_puzzle_piece, ontoclasm_vaults_spin,
          ontoclasm_vaults_ring_small, vaults_room_fours,
          hangedman_vaults_capsules, nicolae_vaults_hallways_thing, st_cells,
          nicolae_vaults_little_squares_1, nicolae_vaults_rhombus_5,
          nicolae_vaults_yaktaur_gun_rack, layout_vaults_big_room
Vaults:2: v_misc_8, ontoclasm_vaults_ring_small, vaults_room_fancy_cross,
          hangedman_vaults_slither, minmay_crypt_entry_simple_box,
          vaults_room_grid, vaults_room_pools, v_misc_19,
          vaults_mumra_chevron_long, nicolae_vaults_asterisk,
          nicolae_vaults_ninety_degrees, layout_vaults_omnicross
Vaults:3: ontoclasm_vaults_bender, hangedman_vaults_snaps,
          hangedman_vaults_pinch, v_misc_27, v_pattern_3,
          nicolae_vaults_little_squares_3, nicolae_vaults_three_branches,
          nicolae_vaults_network_s, sword_in_stone, vaults_dpeg_hooks,
          nicolae_vaults_asterisk, vaults_dpeg_ring, layout_vaults_quadrants,
          uniq_xtahua
Vaults:4: ploomutoo_gammafunk_ghost_potion_laboratory, ontoclasm_vaults_twist,
          v_alt_pattern_4, nicolae_vaults_stairing_the_circle,
          nicolae_vaults_triangles, hangedman_vaults_maws,
          nicolae_vaults_little_squares_3, v_misc_15, vaults_mumra_hex,
          v_misc_5, v_misc_17, nicolae_vaults_border_crossing,
          ontoclasm_vaults_pinch, dpeg_vaults_pockets_of_resistance,
          nicolae_vaults_little_squares_5, v_misc_15,
          nicolae_vaults_little_squares_3, layout_vaults_maze_snakey,
          serial_shops, nicolae_shop_competitors_out_of_business
Crypt:1:  layout_gridlike, lemuel_freeze_loot_1, lemuel_upstairs_altar
Crypt:2:  layout_catacombs, grunt_megastairs_4
Crypt:3:  david_glass_crypt, layout_chaotic_city, tomb_entry_simple_bobbens,
          st_vampire_maze, uniq_margery, uniq_boris
Depths:1: layout_cave_shapes, kennysheep_crisscross, hangedman_geh_valley,
          serial_bayou, serial_bayou_pond_b, serial_bayou_pond_a,
          serial_bayou_pond_b, serial_bayou_crossing, abandoned_shop,
          kennysheep_big_empty_room, okawaru_trees_2, uniq_asterion
Depths:2: nzn_winding_woodlands_stair_cross [nzn_winding_woodlands_5x15_jagged,
          nzn_winding_woodlands_center_pierced_h,
          nzn_winding_woodlands_5x15_parted,
          nzn_winding_woodlands_5x5_perimeter,
          nzn_winding_woodlands_5x5_closed_star,
          nzn_winding_woodlands_5x15_cabin, nzn_winding_woodlands_center_lodge,
          nzn_winding_woodlands_5x15_pool], layout_gridlike, grunt_hell_horde,
          grunt_pan_entry_in_and_out, hex_tiny, nicolae_shop_gadgets,
          minmay_staircase_bubble, minmay_shop_grove
Depths:3: nicolae_whirlpool, layout_basic, serial_shops, nicolae_shop_trees,
          nicolae_diamond_shop, shop, hell_entry, hangedman_abyss_entry_splay,
          serial_bayou_ford_a
Depths:4: grunt_zot_entry_hairpin, layout_honeycomb, enter_ziggurat_f,
          grunt_hell_entry_dis_mu, serial_shops, freezing_bzr,
          nicolae_burly_brawl
Zot:1:    grunt_zot_stairs_faceoff, layout_onion, uniq_josephina
Zot:2:    layout_concentric_octagons, hangedman_zot_decor_slant,
          nicolae_diode_stairs
Zot:3:    infiniplex_zot_generator, layout_misc_corridors, lemuel_elevator
Zot:4:    layout_misc_corridors, st_small_dragon_hoard_4
Zot:5:    layout_basic

Skill      XL: |  1  2  3  4  5  6  7  8  9 10 11 12 13 14 15 16 17 18 19 20 21 22 23 24 25 26 27 |
---------------+----------------------------------------------------------------------------------+-----
Stealth        | 1 2 4 |  4.8
Necromancy     | 1 2 3 4 5 6 8 11 13 15 16 17 18 20 21 | 21.4
Short Blades   | 1 2 3 4 6 7 8 9 10 | 10.0
Fighting       | 3 4 6 8 11 13 15 16 17 18 19 20 21 22 | 22.0
Dodging        | 1 4 6 9 10 11 13 14 15 17 18 19 20 21 22 | 22.4
Spellcasting   | 3 4 5 6 7 9 10 11 12 | 12.0
Ice Magic      | 4 7 9 |  9.2
Summonings     | 1 2 6 9 10 13 16 19 24 26 | 26.0
Earth Magic    | 3 5 |  5.0
Shields        | 6 9 10 12 | 12.7
Armour         | 7 12 | 12.1
Translocations | 6 9 |  9.1
Maces & Flails | |  1.1
Throwing       | |  1.0

Action                     |  1- 3 |  4- 6 |  7- 9 | 10-12 | 13-15 | 16-18 | 19-21 | 22-24 | 25-27 || total
---------------------------+-------+-------+-------+-------+-------+-------+-------+-------+-------++-------
  Melee: Mace              |    72 |       |       |       |       |       |       |       |       ||    72
         Kick              |    15 |    21 |    64 |   296 |   563 |   151 |   158 |   248 |    94 ||  1610
         Peck              |    11 |    15 |    41 |   215 |   400 |    99 |    96 |   148 |    66 ||  1091
         Dagger            |    44 |   123 |    73 |       |   218 |   190 |       |       |       ||   648
         Quick blade       |       |       |   128 |   719 |  1065 |       |       |       |       ||  1912
         Falchion          |       |       |       |       |       |   125 |   260 |   361 |   133 ||   879
  Throw: Boomerang         |       |     3 |    14 |       |       |       |       |       |       ||    17
         Dart              |       |       |       |     2 |     2 |       |       |       |       ||     4
   Cast: Dispel Undead     |       |       |    10 |    17 |    16 |    80 |   249 |    78 |    13 ||   463
         Death Channel     |       |       |       |     2 |    37 |    34 |    20 |    32 |    24 ||   149
         Simulacrum        |       |       |       |       |    40 |     7 |       |       |       ||    47
         Sublimation of Bl |       |       |       |       |     2 |     5 |    43 |    34 |    49 ||   133
         Borgnjor's Vile C |       |       |       |       |    18 |   212 |   166 |   189 |    55 ||   640
         Infestation       |       |       |       |       |       |    42 |    42 |    54 |    28 ||   166
         Haunt             |       |       |       |       |       |    30 |    79 |    88 |    97 ||   294
         Summon Forest     |       |       |       |       |       |       |       |     5 |     4 ||     9
         Dragon's Call     |       |       |       |       |       |       |       |       |    35 ||    35
 Invoke: Unearth Wretches  |       |       |       |       |     9 |     6 |     8 |    12 |     7 ||    42
         Receive Forbidden |       |       |       |       |     1 |       |       |       |       ||     1
         Torment           |       |       |       |       |     1 |       |       |     1 |       ||     2
  Evoke: Wand              |       |     3 |       |     1 |     1 |     3 |     2 |     2 |     1 ||    13
         Phial of floods   |       |       |       |       |       |       |     1 |       |       ||     1
    Use: Potion            |     1 |     1 |     3 |     1 |     1 |     4 |     7 |     6 |    15 ||    39
         Scroll            |       |     6 |     6 |     5 |    15 |    11 |    14 |     7 |    10 ||    74
   Stab: Sleeping          |     4 |     5 |     4 |    11 |     9 |     1 |       |       |     1 ||    35
         Distracted        |       |       |     1 |     2 |    11 |     4 |     7 |    17 |    12 ||    54
         Petrifying        |       |       |       |     1 |       |       |       |       |       ||     1
         Paralysed         |       |       |       |       |     3 |     1 |     5 |     1 |       ||    10
         Confused          |       |       |       |       |       |       |     1 |       |       ||     1
 Armour: Leather armour    |    15 |       |       |       |       |       |       |       |       ||    15
         Skin              |     9 |     5 |       |       |       |       |       |       |       ||    14
         Robe              |     2 |    23 |    33 |    62 |    96 |    68 |    42 |       |       ||   326
         Quicksilver drago |       |       |       |       |       |       |    50 |   118 |    45 ||   213
  Dodge: Dodged            |    37 |    33 |    72 |   248 |   612 |   443 |   589 |   655 |   351 ||  3040
  Block: Buckler           |    45 |    44 |    49 |   131 |   327 |   217 |   120 |       |       ||   933
         Kite shield       |       |       |       |       |       |       |   406 |   691 |   320 ||  1417

Table legend: (Time is in decaauts)
 A = Elapsed time spent in this place.
 B = Non-inter-level travel time spent in this place.
 C = Inter-level travel time spent in this place.
 D = Time resting spent in this place.
 E = Time spent auto-exploring this place.
 F = Levels seen in this place.
 G = Mean time per level.
                   A        B        C        D        E       F      G
               +--------+--------+--------+--------+--------+-----+--------+
         Total |  80129 |  75375 |   4754 |   4989 |  57590 |  58 | 1381.5 |
       Dungeon |  17779 |  15771 |   2008 |   1131 |  11754 |  15 | 1185.3 |
        Temple |     24 |     16 |      8 |      0 |      9 |   1 |   24.0 |
          Lair |   6701 |   6237 |    464 |    411 |   4783 |   5 | 1340.2 |
         Swamp |   5261 |   5119 |    142 |    188 |   4122 |   4 | 1315.2 |
     Snake Pit |   8102 |   7793 |    309 |    323 |   6366 |   4 | 2025.5 |
    Slime Pits |   3072 |   2939 |    133 |    888 |   1438 |   5 |  614.4 |
  Orcish Mines |   2405 |   2159 |    246 |    112 |   1522 |   2 | 1202.5 |
   Elven Halls |   4444 |   4251 |    193 |    397 |   3177 |   3 | 1481.3 |
        Vaults |   9345 |   9166 |    179 |    280 |   7499 |   4 | 2336.2 |
         Crypt |   6162 |   6004 |    158 |    410 |   4712 |   3 | 2054.0 |
        Depths |   9085 |   8496 |    589 |    290 |   6804 |   4 | 2271.2 |
           Zot |   5216 |   4894 |    322 |    370 |   3514 |   5 | 1043.2 |
        Bazaar |    110 |    110 |      0 |      0 |     95 |   1 |  110.0 |
      Ice Cave |   1775 |   1775 |      0 |    188 |   1319 |   1 | 1775.0 |
      Gauntlet |    641 |    641 |      0 |      0 |    469 |   1 |  641.0 |
               +--------+--------+--------+--------+--------+-----+--------+

Top non-repeatable levels by time:
Vaults:3: 2925 daAuts
 Snake:4: 2729 daAuts
Depths:4: 2692 daAuts
 Crypt:3: 2630 daAuts
Depths:2: 2372 daAuts
    D:14: 2353 daAuts
Vaults:4: 2217 daAuts
Vaults:2: 2181 daAuts
Depths:1: 2147 daAuts
Vaults:1: 2020 daAuts
 Snake:1: 1986 daAuts
 Crypt:2: 1930 daAuts
   Orc:2: 1929 daAuts
 Snake:3: 1901 daAuts
Depths:3: 1872 daAuts
